 Dungeon Crawl Stone Soup version 0.29-a0-819-g94b489e0ae (webtiles) character file.

Game seed: 15645593496293568804

396101 Mesmaeker13 the Sorcerer (level 24, -7/185 HPs)
             Began as a Djinni Fire Elementalist on July 5, 2022.
             Was an Initiate of Gozag.
             Splashed by a caustic shrike's acid (10 damage)
             ... on level 4 of the Depths on July 6, 2022.
             The game lasted 02:35:32 (50880 turns).

Mesmaeker13 the Sorcerer (DjFE)                    Turns: 50880, Time: 02:35:33

Health: -7/185     AC:  6    Str: 19    XL:     24   Next: 30%
Gold:   18016      EV: 22    Int: 31    God:    Gozag SH: 20 Dex: 15

rFire   + . .      SeeInvis +   K - +9 demon trident of the Evening {freeze, rElec rPois rF- rC+++}
rCold   + + +      Faith    .   n - +1 tower shield {AC+3}
rNeg    . . .      Spirit   .   q - +1 robe of Vines {NoPotionHeal Regen++++}
rPois   ∞          Reflect  .   H - +1 helmet {SInv}
rElec   +          Harm     .   D - +2 cloak
rCorr   .          Rampage  .   g - +1 pair of gloves {Str+3}
Will    ++++.                   (boots unavailable)
Stlth   +.........              b - amulet of Attitude {Acrobat Will+ MP+9 Int+5 Stlth-}
HPRegen 3.60/turn               y - ring "Nemuy" {rC+ EV+4 Str+7}
MPRegen 0.00/turn               f - ring of the Tick {Wiz rElec Will+}

@: corroded, gold aura, flying, studying 2 skills, unable to drink
A: sickness immunity, fire resistance 2, cold vulnerability 1, float, innate
caster, HP casting, extra vitality 1, mutation resistance 1
}: 2/15 runes: decaying, serpentine
a: Renounce Religion, Potion Petition, Call Merchant, Bribe Branch


You were on level 4 of the Depths.
You worshipped Gozag.
Gozag was extremely pleased with you.
You visited 8 branches of the dungeon, and saw 39 of its levels.
You also visited: Sewer, Bailey and Ice Cave.

You collected 21327 gold pieces.
You spent 2725 gold pieces at shops.
You paid 586 gold pieces to Gozag.

Inventory:

Hand Weapons
 B - the +6 demon trident of Dishonesty {elec, rCorr SInv}
   (You took it off a hell knight on level 3 of the Depths)

   It occasionally discharges a powerful burst of electricity upon striking a
   foe.
   SInv:      It lets you see invisible.
   rCorr:     It protects you from acid and corrosion.
 J - a +4 scimitar of flaming
 K - the +9 demon trident of the Evening (weapon) {freeze, rElec rPois rF- rC+++}
   (You found it on level 3 of the Depths)

   It freezes those it strikes, dealing additional cold damage.
   It can also slow down cold-blooded creatures.
   rF:        It makes you vulnerable to fire.
   rC:        It renders you almost immune to cold.
   rElec:     It insulates you from electricity.
   rPois:     It protects you from poison.
Missiles
 N - 5 throwing nets
 Q - 12 curare-tipped darts
Armour
 g - a +1 pair of gloves of strength (worn)
 n - a +1 tower shield of protection (worn)
 q - the +1 robe of Vines (worn) {NoPotionHeal Regen++++}
   (You bought it in a shop on level 2 of the Orcish Mines)

   Its wearer cannot be healed by potions.
   Regen:     It increases your rate of health regeneration.
 D - a +2 cloak (worn)
 F - a +0 kite shield of cold resistance
 H - a +1 helmet of see invisible (worn)
Jewellery
 b - the amulet of Attitude (around neck) {Acrobat Will+ MP+9 Int+5 Stlth-}
   (You acquired it on level 5 of the Dungeon)

   [amulet of the acrobat]

   It increases your evasion while moving and waiting.
   Int:       It affects your intelligence (+5).
   MP:        It affects your magic capacity (+9).
   Will:      It increases your willpower.
   Stlth:     It makes you less stealthy.
 f - the ring of the Tick (right hand) {Wiz rElec Will+}
   (You acquired it on level 4 of the Swamp)

   [ring of wizardry]

   It improves your spell success rate.
   rElec:     It insulates you from electricity.
   Will:      It increases your willpower.
 m - the amulet of Rouboimo {Reflect Int+2 SH+5}
   (You found it on level 3 of the Elven Halls)

   [amulet of reflection]

   It reflects blocked missile attacks.
   Int:       It affects your intelligence (+2).
   SH:        It affects your SH (+5).
 u - a ring of resist corrosion
 y - the ring "Nemuy" (left hand) {rC+ EV+4 Str+7}
   (You found it on level 1 of the Depths)

   [ring of evasion]

   EV:        It affects your evasion (+4).
   Str:       It affects your strength (+7).
   rC:        It protects you from cold.
 C - a ring of positive energy
 E - a +4 ring of protection
 I - the ring of Willaig {rF+ Str+4 Dex+3}
   (You found it in an ice cave)

   [ring of protection from fire]

   Str:       It affects your strength (+4).
   Dex:       It affects your dexterity (+3).
   rF:        It protects you from fire.
Wands
 o - a wand of roots (25)
 U - a wand of acid (3)
Scrolls
 c - 5 scrolls of fog
 d - 6 scrolls of fear
 e - 7 scrolls of poison
 h - 16 scrolls of teleportation
 j - 5 scrolls of noise
 r - 8 scrolls of immolation
 A - a scroll of enchant weapon
 G - 4 scrolls of magic mapping
 R - 3 scrolls of silence
Potions
 a - 8 potions of haste
 i - 14 potions of brilliance
 k - 13 potions of ambrosia
 l - 8 potions of lignification
 s - 9 potions of might
 t - 14 potions of curing
 v - 4 potions of resistance
 w - 7 potions of heal wounds
 x - 4 potions of cancellation
 z - 6 potions of mutation
 M - 5 potions of attraction
 O - 5 potions of berserk rage
 P - 6 potions of invisibility
Miscellaneous
 p - a lightning rod (4/4)
 V - a phantom mirror


   Skills:
 + Level 19.4 Fighting
 - Level 11.7 Long Blades
 + Level 0.2 Polearms
 - Level 8.1 Armour
 - Level 14.7 Dodging
 - Level 1.5 Stealth
 + Level 15.0 Shields
 * Level 21.3 Spellcasting


You couldn't memorise any spells.
You knew the following spells:

 Your Spells              Type           Power      Damage    Failure   Level
a - Foxfire               Conj/Fire      100%       2x1d9     0%          1
b - Scorch                Fire           100%       2d10      0%          2
c - Conjure Flame         Conj/Fire      100%       6-21      0%          3
d - Inner Flame           Hex/Fire       100%       N/A       0%          3
e - Flame Wave            Conj/Fire      100%       2d17      0%          4
f - Summon Small Mammal   Summ           100%       N/A       0%          1
g - Ensorcelled Hibernat  Hex/Ice        100%       N/A       0%          2
h - Blink                 Tloc           100%       N/A       0%          2
i - Fulminant Prism       Conj/Hex       52%        3d23      0%          4
j - Summon Forest         Summ/Tloc      52%        N/A       0%          5
k - Agony                 Necr           100%       N/A       0%          5
l - Starburst             Conj/Fire      52%        6d14      1%          6
m - Simulacrum            Ice/Necr       52%        N/A       1%          6
n - Ozocubu's Refrigerat  Ice            52%        4d15      1%          7
o - Enfeeble              Hex            52%        N/A       1%          7
p - Lehudib's Crystal Sp  Conj/Erth      52%        10d12     1%          8
Your spell library was empty.

Dungeon Overview and Level Annotations

Branches:
Dungeon (15/15)            Temple (1/1) D:5            Lair (6/6) D:9
  Swamp (4/4) Lair:4        Snake (4/4) Lair:3        Slime (0/5) Lair:5
    Orc (2/2) D:12            Elf (3/3) Orc:2        Vaults (0/5) D:14
 Depths (4/4) D:15            Zot (0/5) Depths:4      Sewer (visited)
 Bailey (visited)           IceCv (visited)

Altars:
Cheibriados
Dithmenos
Elyvilon
Fedhas
Gozag
Hepliaklqana
Makhleb
Nemelex Xobeh
Okawaru
Qazlal
Ru
Trog
Uskayaw
Wu Jian
Xom
Yredelemnul
Zin
The Shining One
Jiyva

Shops:
D:3 ?   D:9 *   D:13 *   Orc:2 ==[(*   Elf:1 (   Elf:3 *   Snake:1 ?
Snake:4 *   Depths:4 ?

Portals:
Hell: Depths:1 Depths:2 Depths:3 Depths:4
Abyss: Depths:3
Pandemonium: Depths:2
Ziggurat: Depths:2
Trove: D:15 (give 14 scrolls of teleportation)

Annotations:
D:3 4 exclusions
Lair:4 3 runed translucent doors, Nokloud's ghost, journeyman DDGl
Snake:4 2 exclusions


Innate Abilities, Weirdness & Mutations

You are immune to sickness and miasma.
You are immune to poison.
Your flesh is very heat resistant. (rF++)
You are vulnerable to cold. (rC-)
You float through the air rather than walking.
You learn spells naturally, not from books.
Your magical power is your life essence.
You have superior vitality. (+4 MHP)
You are somewhat resistant to further mutation.


Message History

* * * LOW HITPOINT WARNING * * *
The caustic shrike claws you!
* * * LOW HITPOINT WARNING * * *
You are splashed with acid!
* * * LOW HITPOINT WARNING * * *
The caustic shrike completely misses you.
The caustic shrike claws you!
* * * LOW HITPOINT WARNING * * *
You are splashed with acid!
* * * LOW HITPOINT WARNING * * *
You block the caustic shrike's attack.
Okay, then.
Casting: Ozocubu's Refrigeration (mildly dangerous; 1% risk of failure)
Confirm with . or Enter, or press ? or * to list all spells.
Okay, then.
Unknown command.
Casting: Ozocubu's Refrigeration (mildly dangerous; 1% risk of failure)
Confirm with . or Enter, or press ? or * to list all spells.
You blink.
* * * LOW HITPOINT WARNING * * *
As you read the scroll of fear, it crumbles to dust.
You assume a fearsome visage.
The caustic shrike looks frightened! x2
The caustic shrike resists with almost no effort. x2
The shadow dragon resists with almost no effort.
Casting: Blink (safe; 0% risk of failure)
Confirm with . or Enter, or press ? or * to list all spells.
Okay, then.
Casting: Blink (safe; 0% risk of failure)
Confirm with . or Enter, or press ? or * to list all spells.
You blink.
Found a stone.
* * * LOW HITPOINT WARNING * * *
Casting: Blink (safe; 0% risk of failure)
Confirm with . or Enter, or press ? or * to list all spells.
You blink.
* * * LOW HITPOINT WARNING * * *
The caustic shrike claws you!!
* * * LOW HITPOINT WARNING * * *
You are splashed with acid!
You die...
Your body crumbles into a pile of gold.

♣♣...♣♣♣...♣♣♣...)..(.......##...
#♣.♣# #♣.♣# #♣.......########.).
♣.♣ ♣.♣ ♣....####.........# #♣.♣#
#♣.♣# #♣....+ ........⌠..
♣♣...♣♣♣...♣♣♣.....####........[#
......................########...
♣♣...♣♣♣...♣♣♣....§....... ##...
#♣.♣# #♣.♣# #♣.bb........ ##...)
♣♣♣ ♣.♣ ♣.@.....#### #...⌠. ♣.♣
#♣.......# #....) ...♣♣♣..D.....#
#..... ................ #..##)
...♣♣♣b$........ #..###. ♣
#♣$.......(. #..#.#. ♣b........
#.##.#. ♣......... .##..##
......... .#+#....#


You could see a shadow dragon and 4 caustic shrikes.

Vanquished Creatures
  A juggernaut (Depths:2)
  Bai Suzhen (Swamp:4)
  Vashnia (Snake:3)
  Nikola (Snake:2)
  3 golden dragons
  A Brimstone Fiend (Depths:3)
  Rupert (Snake:1)
  Jorgrun (Orc:1)
  A lich (Depths:2)
  2 deep elf blademasters (Elf:3)
  A quicksilver dragon (Depths:3)
  3 deep elf master archers (Elf:3)
  An Executioner (Depths:3)
  Frances (Snake:2)
  The ghost of qborf the Brawler, an adept TrCK of Xom (Swamp:2)
  2 shadow dragons
  A tengu reaver (Depths:1)
  A storm dragon (Depths:4)
  Roxanne (Snake:1)
  4 nagarajas
  A fenstrider witch (Swamp:4)
  4 fire giants
  An azure jelly (Swamp:4)
  An iron dragon (Depths:4)
  7 frost giants
  A balrug (Depths:3)
  2 cacodemons (Depths:3)
  An orc warlord (Orc:2)
  13 deep elf sorcerers (Elf:3)
  Aizul (Snake:2)
  The ghost of ZodNigurash the Eclecticist, an adept SpVM of Jiyva (Swamp:1)
  3 spriggan defenders
  A draconian annihilator (Depths:4)
  4 deep elf elementalists (Elf:3)
  A draconian shifter (Depths:4)
  A reaper (Depths:3)
  6 stone giants
  21 very ugly things
  2 vampire knights
  9 deep elf demonologists
  6 eleionomae
  2 green draconians (Depths:4)
  2 red draconians (Depths:4)
  4 deep elf annihilators (Elf:3)
  A purple draconian (Depths:4)
  A yellow draconian (Depths:4)
  2 white draconians
  Snorg (D:12)
  3 deep elf death magi (Elf:3)
  5 bunyips
  16 ettins
  Josephine (D:11)
  A green death (Depths:3)
  A merfolk javelineer (Depths:1)
  7 deep elf high priests
  A shambling mangrove (Swamp:2)
  A hell beast (Depths:3)
  4 salamander tyrants
  14 hydras
  3 fire dragons
  A rakshasa (Depths:2)
  12 ice dragons
  8 vault guards (D:14)
  3 spriggan air magi
  5 ironbound frosthearts (IceCv)
  A boulder beetle (D:11)
  A yaktaur captain (Depths:4)
  4 centaur warriors
  4 catoblepae
  3 ghost crabs
  7 anacondas
  A death knight (D:15)
  An anaconda (shapeshifter) (Depths:2)
  10 alligators
  8 deep troll earth magi
  14 naga warriors
  7 deep troll shamans
  An orc high priest (Elf:3)
  3 vampire magi
  4 tengu warriors
  Urug (Lair:1)
  2 titan zombies (Depths:2)
  11 death yaks
  7 spriggan berserkers
  4 hell hogs (Depths:3)
  A shock serpent (shapeshifter) (Depths:3)
  8 shock serpents
  8 deep elf knights
  14 hell knights
  Nergalle (D:12)
  3 soul eaters (Depths:3)
  20 naga sharpshooters
  2 sun demons (Depths:3)
  7 salamander mystics
  9 spriggans
  30 deep trolls
  2 skeletal warriors (D:15)
  3 iron trolls
  A glowing orange brain (Depths:1)
  5 sea snakes
  6 goliath frogs
  2 spectral spriggans (Swamp:1)
  5 swamp dragons
  5 spriggan druids
  A shadow demon (Depths:2)
  2 wizards
  10 bog bodies
  A phantasmal warrior (D:15)
  10 naga ritualists
  29 deep elf pyromancers
  2 lindwurms
  A shadow dragon zombie (Depths:2)
  2 orange crystal statues
  7 mana vipers
  A fenstrider witch simulacrum (Swamp:1)
  2 necromancers
  8 deep elf archers
  An orc knight (D:15)
  49 ugly things
  21 deep elf zephyrmancers
  6 manticores
  3 orc sorcerers
  2 stone giant zombies
  A tengu skeleton (D:15)
  A moth of wrath (Swamp:2)
  20 salamanders
  35 black mambas
  7 cyclopes
  An elephant (Lair:4)
  4 will-o-the-wisps
  A fire giant skeleton (D:15)
  2 guardian serpents (Snake:2)
  A rust devil (Depths:2)
  4 smoke demons (Depths:3)
  2 torpor snails
  An orange demon (Depths:2)
  10 cane toads
  17 naga magi
  Maggie (D:7)
  A hellion (Depths:3)
  2 unseen horrors
  4 freezing wraiths (Swamp:4)
  21 rime drakes
  2 tengu conjurers (Depths:1)
  3 komodo dragons
  A guardian mummy (D:15)
  A queen bee (Lair:4)
  4 trolls
  9 meliai
  A bloated husk (Swamp:1)
  A wind drake (shapeshifter) (D:15)
  Grinder (D:3)
  A tarantella (shapeshifter) (Depths:1)
  A tengu simulacrum (Depths:2)
  14 polar bears (IceCv)
  2 dream sheep
  9 blink frogs
  11 hornets
  3 slime creatures (D:14)
  9 tyrant leeches
  A snapping turtle (shapeshifter) (Elf:3)
  Sigmund (D:3)
  A jumping spider (shapeshifter) (Elf:2)
  6 wraiths
  3 air elementals
  5 water elementals
  7 wyverns
  29 yaks
  3 basilisks
  5 fire elementals
  Grum (D:9)
  A neqoxec (Depths:2)
  2 swamp worm simulacra (Swamp:4)
  5 steam dragons
  Menkaure (D:6)
  22 vampire mosquitoes
  10 swamp worms
  2 acid dragons
  4 wargs
  40 nagas
  15 hydra simulacra
  13 water moccasins
  A human skeleton (D:15)
  7 swamp drakes
  16 orc warriors
  2 sky beasts
  A black bear (D:9)
  An ice beast (D:5)
  11 ogres
  16 centaurs
  11 wolves
  3 kobold brigands
  5 necrophages
  12 bullfrogs
  3 cyclops zombies (Depths:2)
  2 gnoll sergeants
  4 earth elementals
  2 scorpions (D:5)
  3 wights (D:8)
  27 killer bees
  3 electric eels (Lair:4)
  5 howler monkeys
  Crazy Yiuf (D:6)
  6 jellies (D:5)
  A gnoll bouda (D:6)
  7 hounds
  10 orc priests
  Jessica (D:3)
  7 iguanas
  17 orc wizards
  2 lightning spires (Swamp:1)
  Terence (D:2)
  Robin (D:2)
  10 adders
  11 gnolls
  A white imp (D:7)
  3 swamp drake simulacra (Swamp:4)
  2 worms (D:2)
  56 orcs
  13 endoplasms
  7 giant cockroaches
  16 hobgoblins
  3 jackals (D:4)
  6 quokkas
  4 ball pythons
  8 frilled lizards
  16 goblins
  A jackal zombie (D:8)
  37 kobolds
  4 rats
  3 snaplasher vines
1375 creatures vanquished.

Vanquished Creatures (collateral kills)
  Gastronok (Lair:2)
  Kirke (D:12)
  A stone giant (Orc:2)
  An ettin (Orc:2)
  2 hydras
  3 boulder beetles
  Harold (Lair:2)
  2 catoblepae (Lair:6)
  A centaur warrior (D:13)
  3 two-headed ogres
  An anaconda (Snake:3)
  A tengu warrior (D:11)
  8 death yaks
  2 deep troll earth magi (Depths:2)
  Sonja (Lair:2)
  2 bog bodies (Lair:4)
  A lindwurm (Lair:1)
  A deep elf pyromancer (D:14)
  2 ugly things (D:14)
  A manticore (D:12)
  9 cyclopes
  An oklob plant (Lair:3)
  A black mamba (Lair:4)
  2 elephants (Lair:4)
  5 cane toads
  A torpor snail (Lair:4)
  6 komodo dragons
  An efreet (D:13)
  An unseen horror (D:12)
  A queen bee (Lair:6)
  5 trolls
  3 meliai
  A polar bear (Lair:3)
  11 dream sheep
  10 blink frogs
  39 yaks
  3 hogs (D:12)
  A wyvern (Lair:4)
  2 steam dragons
  A vampire mosquito (D:12)
  3 basilisks
  A swamp worm simulacrum (Swamp:4)
  2 wargs
  A hydra simulacrum (Swamp:4)
  10 water moccasins
  11 orc warriors
  13 wolves
  3 ogres
  4 centaurs
  A gnoll sergeant (D:10)
  3 bullfrogs
  21 killer bees
  13 orc priests
  13 orc wizards
  A hell rat (Lair:4)
  8 gnolls (D:10)
  2 swamp drake simulacra (Swamp:4)
  31 orcs
  A goblin (D:12)
  4 bushes
  8 foxfires
294 creatures vanquished.

Vanquished Creatures (others)
  A hydra (Swamp:4)
  28 dancing weapons
  A wyvern (D:9)
  An orc priest (D:9)
  2 ball lightnings (Swamp:1)
  1522 foxfires
  143 fulminant prisms
  72 fungi
  68 plants
  27 snaplasher vines
  12 withered plants (D:15)
1877 creatures vanquished.

Grand Total: 3546 creatures vanquished

Notes
Turn   | Place    | Note
-------+----------+-------------------------------------------
     0 | D:1      | Mesmaeker13 the Djinni Fire Elementalist began the quest
                  | for the Orb.
     0 | D:1      | Mesmaeker13 set off with the following spells memorised:
                  | Foxfire, Scorch, Conjure Flame, Inner Flame, Flame Wave.
     0 | D:1      | Reached XP level 1. HP: 15/15 MP: 0/0
   271 | D:1      | Reached XP level 2. HP: 17/21 MP: 0/0
   634 | D:1      | Found a faded altar of an unknown god.
  1202 | D:2      | Reached skill level 3 in Spellcasting
  1202 | D:2      | Reached XP level 3. HP: 19/25 MP: 0/0
  1202 | D:2      | Learned a level 1 spell: Summon Small Mammal
  1582 | D:2      | Noticed Terence
  1590 | D:2      | Killed Terence
  1591 | D:2      | Reached XP level 4. HP: 28/31 MP: 0/0
  1626 | D:2      | Found a white marble altar of Elyvilon.
  1706 | D:2      | Noticed Robin
  1749 | D:2      | Killed Robin
  1891 | D:2      | Reached XP level 5. HP: 28/35 MP: 0/0
  1891 | D:2      | Learned a level 2 spell: Ensorcelled Hibernation
  1919 | D:2      | Identified a scroll of acquirement
  2293 | D:3      | Noticed Sigmund
  2311 | D:3      | Found Poupnuomn's Magic Scroll Emporium.
  2604 | D:3      | Noticed Jessica
  2613 | D:3      | Killed Jessica
  2878 | D:3      | Noticed Grinder
  2892 | D:3      | Paralysed by Grinder for 4 turns
  2899 | D:3      | Paralysed by Grinder for 5 turns
  3210 | D:4      | Noticed an ogre
  3234 | D:4      | Killed an ogre
  3235 | D:4      | Reached skill level 1 in Fighting
  3235 | D:4      | Reached skill level 4 in Spellcasting
  3235 | D:4      | Reached XP level 6. HP: 32/42 MP: 0/0
  3621 | D:4      | Found a glowing drain.
  3625 | Sewer    | Entered a sewer
  4087 | D:4      | Reached XP level 7. HP: 40/49 MP: 0/0
  4087 | D:4      | Learned a level 2 spell: Blink
  4897 | D:4      | Reached skill level 5 in Spellcasting
  5218 | D:5      | Entered Level 5 of the Dungeon
  5425 | D:5      | Reached skill level 5 in Dodging
  6014 | D:5      | Reached XP level 8. HP: 47/56 MP: 0/0
  6361 | D:5      | Found a staircase to the Ecumenical Temple.
  6374 | Temple   | Entered the Ecumenical Temple
  6437 | Temple   | Became a worshipper of Gozag Ym Sagoz the Greedy
  6742 | D:5      | Found a shadowy altar of Dithmenos.
  6825 | D:5      | Reached skill level 6 in Spellcasting
  7189 | D:5      | Reached XP level 9. HP: 60/63 MP: 0/0
  7189 | D:5      | Learned a level 4 spell: Fulminant Prism
  7384 | D:3      | Killed Grinder
  7446 | D:3      | Killed Sigmund
  7447 | D:3      | Reached skill level 5 in Fighting
  7672 | D:5      | Reached skill level 7 in Spellcasting
  7957 | D:6      | Found a runed translucent door.
  7958 | D:6      | Noticed Crazy Yiuf
  8800 | D:6      | Identified the +6 halberd of Fatigue {vorpal, Int+4}
  8817 | D:6      | Noticed Menkaure
  9047 | D:5      | Acquired the amulet of Attitude {Acrobat Will+ MP+9 Int+5
                  | Stlth-}
  9076 | D:6      | Reached XP level 10. HP: 65/72 MP: 0/0
  9530 | D:6      | Killed Crazy Yiuf
  9664 | D:6      | Killed Menkaure
  9972 | D:7      | Reached skill level 8 in Spellcasting
 10483 | D:7      | Noticed Maggie
 10500 | D:7      | Killed Maggie
 11443 | D:8      | Found a flagged portal.
 11458 | Bailey   | Entered a bailey
 11533 | Bailey   | Noticed an orc warlord
 11907 | Bailey   | Found a runed translucent gate.
 11907 | Bailey   | Found a runed translucent gate.
 11908 | Bailey   | Found a runed translucent gate.
 12053 | Bailey   | Gained mutation: You are somewhat resistant to further
                  | mutation. [potion of mutation]
 12398 | D:8      | Acquired the amulet of the Ancient Mouths {Regen+ Int+4
                  | Dex+4}
 12487 | D:8      | Reached skill level 9 in Spellcasting
 12537 | D:8      | Reached XP level 11. HP: 50/79 MP: 0/0
 12537 | D:8      | Learned a level 5 spell: Summon Forest
 13038 | D:9      | Noticed Grum
 13038 | D:9      | Found a staircase to the Lair.
 13315 | D:9      | Noticed a two-headed ogre
 13332 | D:9      | Killed a two-headed ogre
 13504 | D:9      | Killed Grum
 13657 | D:9      | Found a glowing silver altar of Zin.
 13669 | D:9      | Found a snail-covered altar of Cheibriados.
 13857 | D:9      | Reached skill level 10 in Spellcasting
 13942 | D:10     | Entered Level 10 of the Dungeon
 14361 | D:10     | Reached skill level 10 in Dodging
 15079 | Lair:1   | Entered Level 1 of the Lair of Beasts
 15197 | Lair:1   | Reached XP level 12. HP: 86/88 MP: 0/0
 15406 | Lair:1   | Noticed an eight-headed hydra
 15416 | Lair:1   | Killed an eight-headed hydra
 15417 | Lair:1   | Reached skill level 11 in Spellcasting
 15501 | Lair:1   | Noticed Urug
 15545 | Lair:1   | Killed Urug
 16242 | Lair:2   | Noticed Harold
 16251 | Lair:2   | Killed Harold
 16265 | Lair:2   | Reached skill level 10 in Fighting
 16363 | Lair:2   | Reached XP level 13. HP: 82/96 MP: 0/0
 16363 | Lair:2   | Learned a level 5 spell: Agony
 16502 | Lair:2   | Noticed Sonja
 16508 | Lair:2   | Killed Sonja
 16645 | Lair:2   | Noticed Gastronok
 16673 | Lair:2   | Killed Gastronok
 16695 | Lair:2   | Reached skill level 12 in Spellcasting
 16911 | Lair:2   | Found a hazy altar of Hepliaklqana.
 17653 | Lair:3   | Found a staircase to the Snake Pit.
 18587 | Lair:4   | Reached XP level 14. HP: 96/105 MP: 0/0
 18633 | Lair:4   | Reached skill level 13 in Spellcasting
 18703 | Lair:4   | Found a runed translucent gate.
 18704 | Lair:4   | Found a runed translucent gate.
 18706 | Lair:4   | Found a runed translucent gate.
 18706 | Lair:4   | Noticed Nokloud's ghost (journeyman DDGl)
 19923 | Lair:4   | Found a staircase to the Swamp.
 20486 | Lair:5   | Reached skill level 14 in Spellcasting
 20494 | Lair:5   | Found a staircase to the Slime Pits.
 20494 | Lair:5   | Found a viscous altar of Jiyva.
 20852 | Lair:6   | Entered Level 6 of the Lair of Beasts
 20870 | Lair:6   | Reached XP level 15. HP: 88/113 MP: 0/0
 20870 | Lair:6   | Learned a level 6 spell: Starburst
 23239 | D:11     | Noticed Josephine
 23249 | D:11     | Reached skill level 1 in Shields
 23256 | D:11     | Killed Josephine
 23257 | D:11     | Reached skill level 1 in Armour
 23766 | D:12     | Noticed Kirke
 23779 | D:12     | Reached skill level 15 in Spellcasting
 23781 | D:12     | Killed Kirke
 23818 | D:12     | Noticed Snorg
 23828 | D:12     | Killed Snorg
 23909 | D:12     | Found a staircase to the Orcish Mines.
 24540 | D:12     | Noticed Nergalle
 24546 | D:12     | Killed Nergalle
 24774 | D:12     | Reached XP level 16. HP: 91/121 MP: 0/0
 24981 | Orc:1    | Entered Level 1 of the Orcish Mines
 25051 | Orc:1    | Found a bloodstained altar of Trog.
 25070 | Orc:1    | Noticed Jorgrun
 25100 | Orc:1    | Killed Jorgrun
 25653 | Orc:2    | Entered Level 2 of the Orcish Mines
 25653 | Orc:2    | Found Ynext's Antique Weapon Shoppe.
 26151 | Orc:2    | Found Xomm's Jewellery Emporium.
 26273 | Orc:2    | Bought a ring of protection from cold for 325 gold pieces
 26293 | Orc:2    | Found Kepna's Jewellery Shop.
 26315 | Orc:2    | Found Kunk's Antique Armour Shop.
 26615 | Orc:2    | Found a staircase to the Elven Halls.
 26682 | Orc:2    | Found Mish's General Store.
 26797 | Orc:2    | Bought the +1 robe of Vines {NoPotionHeal Regen++++} for
                  | 2400 gold pieces
 26797 | Orc:2    | Found the +1 robe of Vines {NoPotionHeal Regen++++}
 27078 | D:13     | Found Iquk's Assorted Antiques.
 27693 | D:13     | Found an opulent altar of Gozag.
 28019 | D:14     | Reached skill level 5 in Armour
 28019 | D:14     | Reached skill level 5 in Shields
 28146 | D:14     | Identified the +10 falchion of Lafucrij {pain, *Noise rElec
                  | Will+++ Str+4}
 28326 | D:14     | Found a stormy altar of Qazlal.
 28450 | D:14     | Found a frozen archway.
 28461 | IceCv    | Entered an ice cave
 28645 | IceCv    | Reached XP level 17. HP: 61/129 MP: 0/0
 28645 | IceCv    | Learned a level 6 spell: Simulacrum
 28812 | IceCv    | Reached skill level 16 in Spellcasting
 29950 | IceCv    | Identified the ring of Willaig {rF+ Str+4 Dex+3}
 30110 | D:14     | Found a gate to the Vaults.
 30516 | D:15     | Entered Level 15 of the Dungeon
 30870 | D:15     | Found a staircase to the Depths.
 31000 | D:15     | Found an ornate altar of the Wu Jian Council.
 31254 | D:15     | Found a portal to a secret trove of treasure.
 31394 | D:15     | Reached skill level 15 in Fighting
 31829 | Snake:1  | Entered Level 1 of the Snake Pit
 31877 | Snake:1  | Reached XP level 18. HP: 138/138 MP: 0/0
 32197 | Snake:1  | Identified Roxanne's Dissertation on Transformation
 32197 | Snake:1  | Noticed Roxanne
 32536 | Snake:1  | Noticed Rupert
 32541 | Snake:1  | Killed Rupert
 32734 | Snake:1  | Reached skill level 17 in Spellcasting
 32764 | Snake:1  | Found Wetugrask's Magic Scroll Emporium.
 33516 | Snake:2  | Reached skill level 1 in Long Blades
 33939 | Snake:2  | Noticed Aizul
 33949 | Snake:2  | Killed Aizul
 34024 | Snake:2  | Noticed Frances
 34030 | Snake:2  | Killed Frances
 34148 | Snake:2  | Noticed Nikola
 34171 | Snake:2  | Killed Nikola
 35692 | Snake:3  | Noticed Vashnia
 35781 | Snake:3  | Reached XP level 19. HP: 107/145 MP: 0/0
 35781 | Snake:3  | Learned a level 7 spell: Ozocubu's Refrigeration
 35829 | Snake:3  | Killed Vashnia
 36730 | Snake:4  | Entered Level 4 of the Snake Pit
 37047 | Snake:4  | Found Ocigiq's General Store.
 37667 | Snake:4  | Reached skill level 10 in Shields
 37667 | Snake:4  | Reached skill level 18 in Spellcasting
 37668 | Snake:4  | Reached skill level 5 in Long Blades
 37874 | Snake:4  | Got a serpentine rune of Zot
 38155 | Snake:1  | Killed Roxanne
 38380 | Swamp:1  | Entered Level 1 of the Swamp
 38646 | Swamp:1  | Found a transporter.
 38647 | Swamp:1  | Noticed ZodNigurash's ghost (adept SpVM)
 38652 | Swamp:1  | Found a transporter.
 39008 | Swamp:2  | Found a transporter.
 39013 | Swamp:2  | Reached XP level 20. HP: 136/153 MP: 0/0
 39248 | Swamp:2  | Found a transporter.
 39253 | Swamp:2  | Noticed qborf's ghost (adept TrCK)
 40185 | Swamp:4  | Entered Level 4 of the Swamp
 40189 | Swamp:4  | Acquired the ring of the Tick {Wiz rElec Will+}
 40301 | Swamp:4  | Noticed Bai Suzhen
 40315 | Swamp:4  | Killed Bai Suzhen
 40969 | Swamp:4  | Got a decaying rune of Zot
 41056 | Swamp:2  | Killed qborf's ghost
 41095 | Swamp:2  | Identified a ring "Aryem" {Str+6 Int+3}
 41714 | Elf:1    | Entered Level 1 of the Elven Halls
 41849 | Elf:1    | Reached skill level 19 in Spellcasting
 42244 | Elf:1    | Reached XP level 21. HP: 153/160 MP: 0/0
 42244 | Elf:1    | Learned a level 7 spell: Enfeeble
 42360 | Elf:1    | Found Qonestol's Antique Weapon Shoppe.
 42646 | Elf:2    | Identified the +1 leather armour of Whack-A-Mole {*Corrode
                  | rC+++ Regen+}
 42831 | Elf:2    | Paralysed by an air elemental for 1 turns
 43186 | Elf:2    | Found a runed translucent gate.
 43186 | Elf:2    | Found a runed translucent gate.
 43186 | Elf:2    | Found a runed translucent gate.
 44141 | Elf:3    | Entered Level 3 of the Elven Halls
 44421 | Elf:3    | Found Ashuck's Assorted Antiques.
 45048 | Elf:3    | Reached XP level 22. HP: 158/168 MP: 0/0
 45270 | Elf:3    | Found the +5 demon whip "Spellbinder" {antimagic, Will+}
 45347 | Elf:3    | Identified the ring "Tuituem" {Wiz rElec rPois Int+2}
 45365 | Elf:3    | Identified the amulet of Rouboimo {Reflect Int+2 SH+5}
 45860 | Depths:1 | Entered Level 1 of the Depths
 45946 | Depths:1 | Found a gateway to Hell.
 46118 | Depths:1 | Reached skill level 20 in Spellcasting
 46396 | Depths:1 | Identified the ring "Nemuy" {rC+ EV+4 Str+7}
 46756 | Depths:1 | Found a sacrificial altar of Ru.
 46858 | Depths:1 | Found a sparkling altar of Nemelex Xobeh.
 47163 | Depths:2 | Reached skill level 10 in Long Blades
 47454 | Depths:2 | Found a one-way gateway to a ziggurat.
 47457 | Depths:2 | Paralysed by a floating eye for 3 turns
 47463 | Depths:2 | Paralysed by a floating eye for 3 turns
 47477 | Depths:2 | Paralysed by a floating eye for 2 turns
 47487 | Depths:2 | Paralysed by a floating eye for 2 turns
 47490 | Depths:2 | Paralysed by a floating eye for 3 turns
 47494 | Depths:2 | Paralysed by a floating eye for 2 turns
 47499 | Depths:2 | Paralysed by a floating eye for 4 turns
 47512 | Depths:2 | Paralysed by a floating eye for 2 turns
 47517 | Depths:2 | Paralysed by a floating eye for 4 turns
 47724 | Depths:2 | Found a one-way gate leading to the halls of Pandemonium.
 47739 | Depths:2 | Reached XP level 23. HP: 168/176 MP: 0/0
 47739 | Depths:2 | Learned a level 8 spell: Lehudib's Crystal Spear
 48400 | Depths:2 | Noticed a juggernaut
 48409 | Depths:2 | Killed a juggernaut
 48449 | Depths:2 | Found the +7 great mace "Firestarter" {inner flame, rF++}
 48457 | Depths:2 | Identified the +9 dagger "Buic" {vorpal, Str+3}
 48459 | Depths:2 | Identified the +2 short sword of Imeghuxt {pain, rC+ Str+4
                  | Int-3 Dex+3}
 48462 | Depths:2 | Identified the +6 battleaxe "Newtbane" {flame, rN+ Str+3
                  | Int-4 Dex+4}
 48463 | Depths:2 | Identified the +4 dagger "Qyhiome" {flame, Int+2}
 48865 | Swamp:1  | Killed ZodNigurash's ghost
 48903 | Swamp:1  | Identified the +6 dagger of the Dozen Olives {venom, +Blink
                  | Dex+4}
 48908 | Swamp:1  | Identified the +3 trident "Oghixtod" {flame, rF- rC+++
                  | Str+4 Dex+4}
 49096 | Lair:1   | Upgraded the game from 0.29-a0-817-g9904bce7a6 to
                  | 0.29-a0-819-g94b489e0ae
 49282 | Depths:3 | Found a one-way gate to the infinite horrors of the Abyss.
 49333 | Depths:3 | Noticed a golden dragon
 49339 | Depths:3 | Killed a golden dragon
 49353 | Depths:3 | Noticed a golden dragon
 49361 | Depths:3 | Killed a golden dragon
 49384 | Depths:3 | Identified the +5 demon trident "Soxkonk" {vorpal, rPois}
 49438 | Depths:3 | Identified the +6 demon trident of Dishonesty {elec, rCorr
                  | SInv}
 49847 | Depths:3 | Reached skill level 21 in Spellcasting
 49967 | Depths:3 | Found a burning altar of Makhleb.
 49985 | Depths:3 | Identified the ring "Ydueqemy" {rElec rPois Str+2}
 50187 | Depths:3 | Identified the +9 demon trident of the Evening {freeze,
                  | rElec rPois rF- rC+++}
 50298 | Depths:4 | Entered Level 4 of the Depths
 50298 | Depths:4 | Found Ynatzaovu's Magic Scroll Boutique.
 50325 | Depths:4 | Noticed a golden dragon
 50329 | Depths:4 | Killed a golden dragon
 50330 | Depths:4 | Reached XP level 24. HP: 139/184 MP: 0/0
 50614 | Depths:4 | Found a gate to the Realm of Zot.
 50869 | Depths:4 | Noticed a caustic shrike
 50869 | Depths:4 | Noticed a caustic shrike
 50870 | Depths:4 | Noticed a caustic shrike
 50870 | Depths:4 | Noticed a caustic shrike
 50872 | Depths:4 | Reached skill level 15 in Shields
 50880 | Depths:4 | HP: 3/185 [caustic shrike (22)]
 50880 | Depths:4 | Splashed by a caustic shrike's acid

Illustrated notes

Levels and vault maps discovered:
D:1:      minmay_arrival_five_plusses, layout_basic,
          shapermc_ecumenical_altar_mp_vishouse
D:2:      layout_loops_cross, basic_altar, uniq_robin, uniq_terence
D:3:      layout_rooms, serial_shops, shop, uniq_sigmund, uniq_jessica,
          uniq_grinder
D:4:      layout_basic, gup_sewer_entry_bowl
D:5:      layout_rooms, grunt_dithmenos_smoke_and_mirrors,
          minmay_temple_entry_slanted, serial_bayou_pond_e,
          minmay_joined_circles
D:6:      layout_loops_ring, uniq_menkaure, uniq_crazy_yiuf_cottage
D:7:      layout_basic, uniq_maggie
D:8:      layout_rooms, enter_ossuary_3, enter_bailey_2
D:9:      corexii_shack_village, layout_cave_pools, mainiacjoe_overflow_swirl,
          david_lair_generic, serial_column_ruins, column_ruins_hut,
          column_ruins_open_small, column_ruins_grid_1, column_ruins_open_small,
          column_ruins_columns_corner, column_ruins_corridor_water,
          column_ruins_grid_3, uniq_grum
D:10:     layout_stronghold
D:11:     layout_cave_pools, nicolae_figureground_sparkle, uniq_josephine
D:12:     layout_grid_maze, erik_orc_4, uniq_snorg, uniq_nergalle, uniq_kirke
D:13:     layout_roguey, serial_shops, nicolae_inconvenience_store,
          nicolae_gozag_cash_rules_everything_around_me
D:14:     layout_small_grid, erik_vaults_2, nicolae_qazlal_scattered_showers,
          portal_ice_cave_entry_dragon
D:15:     gammafunk_depths_entry_grave, layout_loops_corners, enter_trove_6,
          nzn_wu_jian_council_hall, minivault_25_ag
Temple:   nicolae_temple_bog_church
Lair:1:   layout_roguey, nicolae_lair_lindhole, uniq_urug
Lair:2:   layout_regular_city, basic_altar, lemuel_fruit_tree, uniq_harold,
          uniq_gastronok, uniq_sonja
Lair:3:   layout_hall_layers, dummy_snake_entry
Lair:4:   regret_index_tunnel_blossom, layout_hall_layers,
          nicolae_swamp_entry_splash_gauntlet, gammafunk_ghost_hydra_chop,
          st_stairs_4, serial_bayou_shore_a
Lair:5:   layout_hall_layers, slime_entry_1
Lair:6:   evilmike_catoblepas_cave, layout_misc_corridors, special_room
          [special_room_bee], grunt_megastairs_2
Swamp:1:  layout_falls_marsh, gammafunk_ghost_mausoleum,
          evilmike_swamp_ruin_rubble_1, swamp_pool1, hangedman_swamp_phenomena
Swamp:2:  layout_basic_swamp, gammafunk_ghost_berserking_beasts,
          serial_swamp_ruin, evilmike_swamp_ruin_house_5,
          evilmike_swamp_ruin_house_1
Swamp:3:  layout_basic_swamp, evilmike_swamp_ruin_house_4, swamp_pool4
Swamp:4:  swamp_icy, layout_basic_swamp, swamp_pool3, uniq_bai_suzhen
Snake:1:  layout_gridlike, serial_shops, nicolae_lakefront_shop,
          grunt_megastairs_3, uniq_roxanne, uniq_rupert
Snake:2:  layout_layer_cave, nicolae_triple_integral, grunt_megastairs_1,
          uniq_frances, uniq_nikola, uniq_aizul
Snake:3:  nicolae_snake_shooting_gallery, layout_chambers,
          nicolae_coiled_stairwell_up, uniq_vashnia
Snake:4:  snake_pit, layout_layer_cave, serial_shops,
          nicolae_shop_advertising_works [nicolae_subvault_shop_adworks],
          st_stairs_14, guppyfry_snake_island
Orc:1:    layout_caves, basic_altar, david_defended_altar_orc, uniq_jorgrun
Orc:2:    grunt_orc_gardens, layout_caves, grunt_orc_garden, grunt_orc_garden,
          grunt_orc_garden, grunt_orc_garden, serial_shops,
          nicolae_shop_statue_plus
Elf:1:    nicolae_elf_arrival_fired_up, layout_geoelf_octagon, serial_shops,
          shop, minmay_elf_demonology, minivault_16, minmay_misc_feat_five,
          hellmonk_bongcloud_opening
Elf:2:    nicolae_elf_blades_splatter_lattice [nicolae_blade_tridents],
          layout_loops_cross
Elf:3:    minmay_elf_hall_four_x, layout_gridlike, serial_shops,
          nicolae_shop_hallway_stairs, dk_noncrumbling_4, minivault_4
Depths:1: layout_cave_shapes, hell_entry, nicolae_ru_the_path_less_chosen,
          minmay_crystal_water, nrook_mini_backslash, chequers_decorated_corner,
          nemelex_spade_bored_becter, kennysheep_random_hallway,
          grunt_megastairs_4
Depths:2: giant_chief_lemuel, layout_gridlike, enter_ziggurat_c,
          rand_demon_pan_entry_8, pf_coc_iceberg, nicolae_vehumet_radiance
Depths:3: evilmike_makhleb_hellhole, layout_twisted_cross, minmay_misc_feat_iff,
          hellmouth_2, abyss_entry
Depths:4: grunt_zot_entry_gee_three, layout_small_grid,
          minmay_stone_trees_large, serial_shops, shop, nicolae_shop_crystal,
          hell_entry

Skill      XL: |  1  2  3  4  5  6  7  8  9 10 11 12 13 14 15 16 17 18 19 20 21 22 23 24 |
---------------+-------------------------------------------------------------------------+-----
Spellcasting   | 3 4 5 6 7 9 10 11 12 14 15 16 17 18 19 20 21 | 21.3
Dodging        | 3 4 5 6 7 8 10 11 12 14 | 14.7
Fighting       | 1 2 3 4 5 7 8 10 11 12 13 14 15 16 17 18 19 | 19.4
Shields        | 2 5 7 9 10 11 12 13 14 15 | 15.0
Armour         | 2 5 7 8 |  8.1
Long Blades    | 3 5 7 9 10 11 | 11.7
Polearms       | |  0.2
Stealth        | |  1.5

Action                   |  1- 3 |  4- 6 |  7- 9 | 10-12 | 13-15 | 16-18 | 19-21 | 22-24 || total
-------------------------+-------+-------+-------+-------+-------+-------+-------+-------++-------
Melee: Club              |       |     8 |     3 |       |       |       |       |       ||    11
       Halberd           |       |       |       |    28 |    46 |     2 |       |       ||    76
       Eveningstar       |       |       |       |       |       |    71 |       |       ||    71
       Scimitar          |       |       |       |       |       |    43 |   146 |    59 ||   248
 Cast: Foxfire           |    40 |    89 |   163 |   307 |   194 |    63 |     5 |     2 ||   863
       Scorch            |     1 |     3 |    17 |   116 |   306 |   184 |    22 |    19 ||   668
       Summon Small Mamm |       |     2 |     3 |       |     1 |       |       |       ||     6
       Conjure Flame     |       |     2 |     4 |       |     2 |     1 |       |       ||     9
       Flame Wave        |       |       |     1 |     1 |       |       |       |       ||     2
       Inner Flame       |       |       |     4 |     1 |     1 |     1 |       |       ||     7
       Fulminant Prism   |       |       |       |     8 |    12 |    89 |    15 |    19 ||   143
       Summon Forest     |       |       |       |    17 |    49 |    25 |     1 |     1 ||    93
       Blink             |       |       |       |       |     2 |     1 |       |     3 ||     6
       Ensorcelled Hiber |       |       |       |       |     2 |       |     2 |       ||     4
       Starburst         |       |       |       |       |     4 |   236 |   144 |    79 ||   463
       Agony             |       |       |       |       |       |     3 |       |       ||     3
       Ozocubu's Refrige |       |       |       |       |       |       |   433 |   237 ||   670
       Enfeeble          |       |       |       |       |       |       |     1 |     6 ||     7
       Lehudib's Crystal |       |       |       |       |       |       |       |    80 ||    80
Invok: Call Merchant     |       |       |       |       |       |     1 |       |       ||     1
Evoke: Wand              |       |       |     7 |     1 |     6 |     5 |       |       ||    19
       Lightning rod     |       |       |       |       |     1 |       |       |       ||     1
  Use: Scroll            |       |    13 |     5 |     9 |    14 |     7 |     6 |     2 ||    56
       Potion            |       |     1 |       |     3 |     2 |     1 |     1 |       ||     8
 Stab: Distracted        |       |       |       |     2 |     1 |     1 |       |       ||     4
Armor: Robe              |       |    10 |    23 |    10 |       |    81 |    44 |    28 ||   196
       Animal skin       |       |     1 |       |       |       |       |       |       ||     1
       Steam dragon scal |       |       |       |    70 |    94 |     7 |       |       ||   171
Dodge: Dodged            |     5 |    41 |   114 |   476 |   424 |   342 |   193 |   118 ||  1713
Block: Kite shield       |       |       |       |       |       |   257 |   165 |    87 ||   509
       Tower shield      |       |       |       |       |       |       |       |     9 ||     9

Table legend: (Time is in decaauts)
 A = Elapsed time spent in this place.
 B = Non-inter-level travel time spent in this place.
 C = Inter-level travel time spent in this place.
 D = Time resting spent in this place.
 E = Time spent auto-exploring this place.
 F = Levels seen in this place.
 G = Mean time per level.
                   A        B        C        D        E       F      G
               +--------+--------+--------+--------+--------+-----+--------+
         Total |  51076 |  46458 |   4618 |   6054 |  27506 |  42 | 1216.1 |
       Dungeon |  20463 |  18429 |   2034 |   3095 |  11518 |  15 | 1364.2 |
        Temple |     80 |     64 |     16 |      0 |     49 |   1 |   80.0 |
          Lair |   8601 |   7543 |   1058 |    509 |   4577 |   6 | 1433.5 |
         Swamp |   2915 |   2688 |    227 |     73 |   1812 |   4 |  728.8 |
     Snake Pit |   6155 |   5553 |    602 |    575 |   3355 |   4 | 1538.8 |
  Orcish Mines |   2014 |   1759 |    255 |    214 |   1059 |   2 | 1007.0 |
   Elven Halls |   3888 |   3633 |    255 |    394 |   1949 |   3 | 1296.0 |
        Depths |   4351 |   4183 |    168 |    285 |   2433 |   4 | 1087.8 |
         Sewer |    432 |    432 |      0 |     14 |    324 |   1 |  432.0 |
        Bailey |    649 |    649 |      0 |    191 |    134 |   1 |  649.0 |
      Ice Cave |   1522 |   1522 |      0 |    704 |    296 |   1 | 1522.0 |
               +--------+--------+--------+--------+--------+-----+--------+

Top non-repeatable levels by time:
  Lair:4: 2287 daAuts
     D:5: 2233 daAuts
     D:6: 2021 daAuts
 Snake:2: 1942 daAuts
  Lair:6: 1811 daAuts
     D:4: 1789 daAuts
 Snake:3: 1629 daAuts
   Elf:2: 1598 daAuts
  Lair:1: 1555 daAuts
    D:12: 1524 daAuts
   IceCv: 1522 daAuts
Depths:2: 1479 daAuts
     D:7: 1411 daAuts
    D:10: 1389 daAuts
   Elf:3: 1382 daAuts
